 Dungeon Crawl Stone Soup version 0.23.2 (webtiles) character file.

Game seed: 16154629803715934357

110362 Fang the Warrior (level 16, 0/163 HPs)
             Began as a Gargoyle Berserker on Apr 1, 2019.
             Was a High Priest of Trog.
             Slain by a tyrant leech (15 damage)
             ... on level 2 of the Swamp on Apr 2, 2019.
             The game lasted 00:42:29 (35650 turns).

Fang the Warrior (Gargoyle Berserker)              Turns: 35650, Time: 00:42:30

Health: 0/163      AC: 35    Str: 34    XL:     16   Next: 54%
Magic:  25/25      EV: 14    Int: 10    God:    Trog [*****.]
Gold:   2191       SH:  0    Dex:  9    Spells: 15/15 levels left

rFire    . . .     SeeInvis +   s - +2 war axe (flame)
rCold    . . .     Gourm    .   (no shield)
rNeg     + . .     Faith    .   b - +4 plate armour
rPois    ∞         Spirit   .   (no helmet)
rElec    +         Reflect  .   K - scarf {cloud immunity}
rCorr    +         Harm     .   h - +1 pair of gloves
MR       +....                  (no boots)
Stlth    ..........             q - amulet of the acrobat
HPRegen  0.37/turn              F - ring of see invisible
MPRegen  0.19/turn              M - ring "Ona Zaim" {rCorr rElec MP+9 Str+3 Slay+2}

@: berserking, flying, very quick
A: big wings, negative energy resistance 1, electricity resistance, unbreathing,
petrification resistance, rot immunity, AC +12
a: Stop Flying, Berserk, Trog's Hand, Brothers in Arms, Renounce Religion


You were on level 2 of the Swamp.
You worshipped Trog.
Trog was extremely pleased with you.
You were hungry.

You visited 5 branches of the dungeon, and saw 26 of its levels.
You also visited: Sewer and Gauntlet.

You collected 2523 gold pieces.
You spent 332 gold pieces at shops.

Inventory:

Hand Weapons
 s - a +2 war axe of flaming (weapon)
 A - a +2 executioner's axe of freezing
 L - a +4 antimagic war axe
 T - a +5 battleaxe of draining
Armour
 b - a +4 plate armour (worn)
 h - a +1 pair of gloves (worn)
 J - a +2 cloak
 K - a scarf of cloud immunity (worn)
Jewellery
 q - an amulet of the acrobat (around neck)
 x - a +3 amulet of reflection
 y - an uncursed ring of ice
 C - an uncursed ring of fire
 F - a ring of see invisible (left hand)
 H - an uncursed amulet of rage
 I - a +3 ring of protection
 M - the ring "Ona Zaim" (right hand) {rCorr rElec MP+9 Str+3 Slay+2}
   (You found it on level 1 of the Orcish Mines)

   [ring of resist corrosion]

   It affects your strength (+3).
   It affects your accuracy and damage with ranged weapons and melee attacks
   (+2).
   It insulates you from electricity.
   It affects your magic capacity (+9).
 O - an uncursed ring of protection from magic
 P - an uncursed ring of protection from fire
 Q - a +5 ring of intelligence
 U - an uncursed amulet of guardian spirit
Wands
 a - a wand of random effects (29)
 e - a wand of clouds (5)
 g - a wand of iceblast (13)
 j - a wand of flame (67)
 p - a wand of paralysis (36)
 t - a wand of polymorph (6)
 u - a wand of enslavement (6)
Scrolls
 l - 6 scrolls of remove curse
 m - 2 scrolls of fear
 v - 2 scrolls of magic mapping
 B - 3 scrolls of teleportation
 N - a scroll of identify
 S - a scroll of blinking
Potions
 d - 4 potions of agility
 f - 3 potions of might
 i - 3 potions of ambrosia
 k - 2 potions of berserk rage
 n - 6 potions of curing
 o - 2 potions of magic
 r - 2 potions of heal wounds
 w - 3 potions of resistance
 z - 3 potions of cancellation
 D - 6 potions of haste
 E - 3 potions of brilliance
 G - a potion of mutation
 R - a potion of experience
Comestibles
 c - 28 rations
 V - 2 chunks of flesh


   Skills:
 + Level 15.7 Fighting
 + Level 13.5 Axes
 + Level 15.6 Armour
 + Level 12.4 Dodging


You had 15 spell levels left.
You didn't know any spells.
Your spell library was empty.

Dungeon Overview and Level Annotations

Branches:
Dungeon (15/15)            Temple (1/1) D:5            Lair (6/6) D:11
  Swamp (2/4) Lair:2        Snake (0/4) Lair:4        Slime (0/5) Lair:6
    Orc (2/2) D:10            Elf (0/3) Orc:2        Vaults (0/5) D:14
 Depths (0/5) D:15

Altars:
Ashenzari
Cheibriados
Fedhas
Hepliaklqana
Kikubaaqudgha
Makhleb
Nemelex Xobeh
Okawaru
Qazlal
Sif Muna
Trog
Uskayaw
Zin
Beogh

Shops:
D:7 ?   Orc:2 *:??

Portals:
Trove: D:11 (give horn of Geryon)

Annotations:
Lair:4 exclusion: 3 oklob plants


Innate Abilities, Weirdness & Mutations

You are resistant to torment.
Your stone body is resilient. (AC +12)
You are immune to poison.
Your large and strong wings let you fly indefinitely.
You resist negative energy. (rN+)
You are resistant to electric shocks. (rElec)
You can survive without breathing.
You are immune to petrification.
You are immune to rotting.


Message History

The thorn hunter hits you. The thorn hunter hits you!
You slash the thorn hunter! You burn the thorn hunter!
The thorn hunter is heavily damaged.
You barely miss the tyrant leech. You slash the alligator!
You burn the alligator! You closely miss the tyrant leech.
The tyrant leech bites you!
* * * LOW HITPOINT WARNING * * *
The alligator bites you.
* * * LOW HITPOINT WARNING * * *
The alligator tail-slaps you but does no damage.
Your plate armour prevents you from hitting the thorn hunter.
The thorn hunter is heavily damaged.
You miss the tyrant leech. You closely miss the alligator.
You slash the tyrant leech! You burn the tyrant leech.
The briar patch crumbles away. x3
The thorn hunter fires a volley of thorns at you.
The volley of thorns hits you!!
* * * LOW HITPOINT WARNING * * *
The tyrant leech bites you!
You die... ≈PPPPPPP≈. ≈PPPPPPPP

.P≈≈≈≈≈≈.
≈P≈≈≈§≈≈.
≈PP≈$...♣
≈PP≈....♣♣
≈PP≈≈...w♣♣♣♣
≈PP≈≈.≈Wt@(≈♣
≈P≈≈≈...wf..♣
♣PP..≈≈≈≈<.≈♣
≈≈≈≈≈≈≈≈≈..≈≈≈.≈≈
≈≈≈≈≈≈≈≈≈....♣.≈≈
≈≈≈≈≈≈≈....≈♣..≈≈
≈≈≈≈≈≈.?♣♣♣♣♣♣...
≈≈≈≈≈≈.♣♣ ♣.≈
≈≈≈≈≈. .


You could see a thorn hunter, an alligator, 2 tyrant leeches and a shadow.

Vanquished Creatures
  A stone giant (Orc:2)
  2 green draconians (Swamp:1)
  2 dire elephants (Lair:6)
  Azrael (D:13)
  Snorg (Lair:3)
  A fire dragon (D:15)
  A yaktaur captain (D:14)
  A great orb of eyes (D:14)
  Fannar (D:10)
  An ogre mage (D:15)
  Harold (D:10)
  11 hydras
  An ice dragon (D:15)
  3 catoblepae (Lair:6)
  5 centaur warriors
  A shambling mangrove (Swamp:1)
  A death knight (D:14)
  7 two-headed ogres
  2 alligators (Swamp:1)
  A tengu warrior (D:15)
  3 death yaks (Lair:6)
  2 orc high priests (Orc:2)
  Nergalle (Orc:1)
  A skeletal warrior (D:15)
  3 unseen horrors
  3 swamp dragons (Swamp:1)
  A lindwurm (Lair:6)
  2 orc knights (Orc:2)
  3 orc sorcerers (Orc:2)
  2 deep elf magi
  3 manticores
  16 ugly things
  2 cyclopes
  13 elephants
  A black mamba (Lair:6)
  Joseph (D:8)
  The ghost of warborn304 the Poker, a novice HuCK of Xom (D:6)
  14 spiny frogs
  3 rime drakes
  9 komodo dragons
  10 yaktaurs
  The ghost of mobydollar the Conjurer, a novice DECj of Fedhas (D:5)
  4 trolls
  A wolf spider simulacrum (D:12)
  2 hornets
  8 blink frogs
  A polar bear (Lair:2)
  2 tyrant leeches (Swamp:1)
  9 hippogriffs
  A bog body (Swamp:1)
  3 dream sheep (Lair:6)
  12 slime creatures
  Sigmund (D:3)
  5 shadows
  A spriggan (Swamp:1)
  4 wraiths (D:14)
  3 vampires
  7 wyverns
  Grum (D:8)
  A steam dragon (D:9)
  6 basilisks
  A fire elemental (D:13)
  7 vampire mosquitoes
  42 yaks
  9 insubstantial wisps (Swamp:1)
  3 swamp worms (Swamp:1)
  2 acid dragons (D:15)
  A warg (Orc:1)
  A soldier ant (D:15)
  3 hell hounds (D:13)
  12 water moccasins
  10 porcupines
  Duvessa (D:7)
  12 orc warriors
  7 swamp drakes (Swamp:1)
  4 ice beasts
  2 black bears
  4 sky beasts
  A hornet zombie (D:14)
  5 phantoms
  23 wolves
  A necrophage (D:11)
  19 ogres
  16 crocodiles
  10 centaurs
  7 big kobolds
  12 bullfrogs
  A two-headed ogre simulacrum (Orc:1)
  A gnoll sergeant (D:10)
  Dowan (D:7)
  4 scorpions
  13 killer bees
  7 electric eels
  A howler monkey (D:13)
  6 crimson imps
  A centaur zombie (D:7)
  9 hounds
  3 bullfrog zombies
  8 jellies
  12 orc priests
  8 iguanas
  4 centaur skeletons
  17 orc wizards
  6 hell rats (Lair:2)
  10 worker ants
  A hound skeleton (D:11)
  A worker ant zombie (D:7)
  6 gnolls
  16 adders
  14 river rats
  4 shadow imps
  10 oozes
  6 worms
  3 dart slugs
  9 leopard geckos
  46 orcs
  A ball python (D:3)
  7 giant cockroaches
  13 hobgoblins
  10 jackals
  61 kobolds
  11 quokkas
  6 bats
  6 frilled lizards
  4 goblins
  A jackal zombie (D:5)
  A leopard gecko zombie (D:5)
  A quokka skeleton (D:4)
  A quokka zombie (D:5)
  21 rats
  5 fungi
  2 plants (Lair:6)
806 creatures vanquished.

Vanquished Creatures (collateral kills)
  Rupert (Lair:3)
  The ghost of Woodmanan the Brawler, a journeyman TrMo (Orc:1)
  An ogre mage (D:15)
  2 two-headed ogres (D:15)
  An orc high priest (Orc:2)
  2 skeletal warriors (D:15)
  2 orc knights (Orc:2)
  2 orc sorcerers (Orc:2)
  A spiny frog (Lair:4)
  A centaur skeleton (D:15)
  A blink frog (Lair:4)
  Menkaure (D:6)
  A spectral troll (Orc:1)
  2 orc warriors (Orc:2)
  A water moccasin skeleton (D:6)
  A spectral ogre (Orc:1)
  2 crimson imps (D:6)
  2 orc priests (Orc:2)
  3 spectral orcs (Orc:1)
  A troll simulacrum (Orc:1)
  3 gnolls (D:6)
  An ogre simulacrum (Orc:1)
33 creatures vanquished.

Vanquished Creatures (others)
  An ugly thing (D:15)
  A yaktaur (D:15)
  A tengu conjurer (D:15)
  A bush (Lair:6)
  19 fungi
  23 plants
46 creatures vanquished.

Grand Total: 885 creatures vanquished

Notes
Turn   | Place    | Note
-------+----------+-------------------------------------------
     0 | D:1      | Fang the Gargoyle Berserker began the quest for the Orb.
     0 | D:1      | Reached XP level 1. HP: 14/14 MP: 1/1
   118 | D:1      | Noticed an ogre
   118 | D:1      | Noticed an ogre
   118 | D:1      | Noticed an ogre
   121 | D:1      | Reached XP level 2. HP: 18/19 MP: 2/2
   121 | D:1      | Noticed an ogre
   778 | D:2      | Reached XP level 3. HP: 17/23 MP: 3/3
  1248 | D:2      | Reached ** piety under Trog
  1248 | D:2      | Reached XP level 4. HP: 27/29 MP: 4/4
  1961 | D:3      | Noticed Sigmund
  1970 | D:3      | Killed Sigmund
  1970 | D:3      | Reached XP level 5. HP: 34/34 MP: 5/5
  1970 | D:3      | Reached XP level 6. HP: 39/39 MP: 6/6
  2449 | D:3      | Reached *** piety under Trog
  2804 | D:3      | Reached skill level 5 in Fighting
  2810 | D:3      | Reached XP level 7. HP: 26/44 MP: 7/7
  3404 | D:4      | Reached **** piety under Trog
  3485 | D:4      | Reached skill level 5 in Armour
  3754 | D:4      | Reached XP level 8. HP: 49/51 MP: 8/8
  3788 | D:4      | Found a glowing drain.
  3812 | Sewer    | Entered a sewer
  4030 | Sewer    | Found a white marble altar of Elyvilon.
  4790 | D:5      | Entered Level 5 of the Dungeon
  4814 | D:5      | Found a staircase to the Ecumenical Temple.
  4823 | Temple   | Entered the Ecumenical Temple
  4861 | D:5      | Found a transporter.
  4866 | D:5      | Reached skill level 5 in Axes
  4931 | D:5      | Noticed mobydollar's ghost (novice DECj)
  4932 | D:5      | Noticed a wyvern
  4934 | D:5      | Found a transporter.
  5517 | D:5      | Killed a wyvern
  5527 | D:5      | Killed mobydollar's ghost
  5527 | D:5      | Reached XP level 9. HP: 51/57 MP: 9/9
  5646 | D:6      | Reached skill level 5 in Dodging
  5700 | D:6      | Noticed Menkaure
  5707 | D:6      | Killed Menkaure
  5835 | D:6      | Found a shattered altar of Ashenzari.
  6004 | D:6      | Found an ancient bone altar of Kikubaaqudgha.
  6289 | D:6      | Found a stormy altar of Qazlal.
  6315 | D:6      | Found a runed translucent gate.
  6315 | D:6      | Found a runed translucent gate.
  6315 | D:6      | Found a runed translucent gate.
  6317 | D:6      | Noticed warborn304's ghost (novice HuCK)
  6337 | D:6      | Killed warborn304's ghost
  6400 | D:7      | Found a hide-covered altar of Uskayaw.
  6400 | D:7      | Noticed a +0 dagger
  6402 | D:7      | Noticed a +0 hand axe
  6592 | D:7      | Noticed Duvessa
  6592 | D:7      | Noticed Dowan
  6603 | D:7      | Reached ***** piety under Trog
  6604 | D:7      | Killed Dowan
  6616 | D:7      | Killed Duvessa
  6616 | D:7      | Reached XP level 10. HP: 64/64 MP: 10/10
  7062 | D:7      | Found Cist's Magic Scroll Shoppe.
  7271 | D:7      | Bought a scroll of brand weapon for 220 gold pieces
  7451 | D:8      | Noticed Joseph
  7460 | D:8      | Killed Joseph
  7706 | D:8      | Noticed Grum
  7731 | D:8      | Killed Grum
  8104 | D:8      | Found a snail-covered altar of Cheibriados.
  8158 | D:8      | Found a burning altar of Makhleb.
  8336 | D:9      | Found a deep blue altar of Sif Muna.
  8336 | D:9      | Found a hazy altar of Hepliaklqana.
  8338 | D:9      | Found a bloodstained altar of Trog.
  8794 | D:9      | Reached XP level 11. HP: 41/71 MP: 11/11
  9377 | D:9      | Noticed a two-headed ogre
  9385 | D:9      | Killed a two-headed ogre
  9385 | D:9      | Received a gift from Trog
  9519 | D:9      | Found a faded altar of an unknown god.
  9519 | D:9      | Found a faded altar of an unknown god.
  9524 | D:9      | Found an iron altar of Okawaru.
  9526 | D:9      | Found a glowing silver altar of Zin.
  9528 | D:9      | Found a sparkling altar of Nemelex Xobeh.
  9620 | D:10     | Entered Level 10 of the Dungeon
  9638 | D:9      | Reached skill level 10 in Fighting
  9830 | D:10     | Noticed Fannar
  9848 | D:10     | Killed Fannar
 10357 | D:10     | Noticed Harold
 10378 | D:10     | Killed Harold
 10378 | D:10     | Reached skill level 10 in Armour
 10836 | D:10     | Found a staircase to the Orcish Mines.
 11178 | D:11     | Found a portal to a secret trove of treasure.
 11371 | D:11     | Found a blossoming altar of Fedhas.
 11421 | D:11     | Received a gift from Trog
 11492 | D:11     | Found a staircase to the Lair.
 11740 | D:11     | Noticed a cyclops
 11752 | D:11     | Killed a cyclops
 11834 | D:11     | Killed an unseen horror
 11834 | D:11     | Reached XP level 12. HP: 41/79 MP: 12/12
 12123 | D:11     | Noticed a five-headed hydra
 12132 | D:11     | Killed a one-headed hydra
 12927 | Lair:1   | Entered Level 1 of the Lair of Beasts
 12927 | Lair:1   | Noticed a four-headed hydra
 12933 | Lair:1   | Killed a one-headed hydra
 12958 | Lair:1   | Noticed a four-headed hydra
 12970 | Lair:1   | Killed a one-headed hydra
 14720 | Lair:2   | Found a staircase to the Swamp.
 14731 | Lair:2   | Reached skill level 10 in Axes
 15195 | Lair:2   | Received a gift from Trog
 16022 | Lair:2   | Noticed a five-headed hydra
 16038 | Lair:2   | Killed a one-headed hydra
 16040 | Lair:2   | Reached XP level 13. HP: 68/86 MP: 13/13
 16530 | Lair:3   | Noticed Rupert
 16542 | Lair:3   | Killed Rupert
 16994 | Lair:3   | Noticed Snorg
 17105 | Lair:3   | Killed Snorg
 17168 | Lair:3   | Received a gift from Trog
 17622 | Lair:4   | Found a staircase to the Snake Pit.
 20220 | Lair:5   | Reached skill level 10 in Dodging
 20628 | Lair:6   | Entered Level 6 of the Lair of Beasts
 20723 | Lair:6   | Found a staircase to the Slime Pits.
 21107 | Lair:6   | Gained mutation: Your large and strong wings let you fly
                  | indefinitely. [Gargoyle growth]
 21107 | Lair:6   | Reached XP level 14. HP: 51/94 MP: 14/14
 21558 | Lair:6   | Received a gift from Trog
 21814 | Lair:6   | Noticed a dire elephant
 22401 | Lair:6   | Killed a dire elephant
 22981 | Lair:6   | Noticed a dire elephant
 22999 | Lair:6   | Killed a dire elephant
 25553 | D:13     | Found a gate leading to a gauntlet.
 25606 | Gauntlet | Entered a Gauntlet
 25606 | Gauntlet | Found a transporter.
 25606 | Gauntlet | Found a transporter.
 25690 | Gauntlet | Found a transporter.
 25693 | Gauntlet | Found a transporter.
 25693 | Gauntlet | Found a transporter.
 25694 | Gauntlet | Found a transporter.
 25741 | Gauntlet | Found a transporter.
 25749 | Gauntlet | Found a transporter.
 25767 | Gauntlet | Found a runed translucent door.
 25768 | Gauntlet | Found a transporter.
 25769 | Gauntlet | Found a runed translucent door.
 25797 | Gauntlet | Found a transporter.
 25801 | Gauntlet | Found a transporter.
 25805 | Gauntlet | Found a runed translucent door.
 25805 | Gauntlet | Found a runed translucent door.
 26016 | D:13     | Noticed Azrael
 26040 | D:13     | Killed Azrael
 26660 | D:14     | Reached XP level 15. HP: 59/100 MP: 15/15
 27273 | D:14     | Found a gate to the Vaults.
 27456 | D:14     | Received a gift from Trog
 27971 | D:15     | Entered Level 15 of the Dungeon
 29074 | D:15     | Paralysed by an ogre mage for 7 turns
 29091 | D:15     | Reached skill level 15 in Fighting
 29871 | D:15     | Found a staircase to the Depths.
 30851 | Orc:1    | Entered Level 1 of the Orcish Mines
 31040 | Orc:1    | Found a roughly hewn altar of Beogh.
 31114 | Orc:1    | Found a runed translucent gate.
 31114 | Orc:1    | Found a runed translucent gate.
 31115 | Orc:1    | Found a runed translucent gate.
 31117 | Orc:1    | Noticed Woodmanan's ghost (journeyman TrMo)
 31146 | Orc:1    | Killed Woodmanan's ghost
 31146 | Orc:1    | Reached skill level 15 in Armour
 31230 | Orc:1    | Got a slimy jade ring
 31237 | Orc:1    | Identified the ring "Ona Zaim" {rCorr rElec MP+9 Str+3
                  | Slay+2} (You found it on level 1 of the Orcish Mines)
 31258 | Orc:1    | Noticed Nergalle
 31276 | Orc:1    | Killed Nergalle
 31579 | Orc:2    | Entered Level 2 of the Orcish Mines
 31612 | Orc:2    | Received a gift from Trog
 31653 | Orc:2    | Found a staircase to the Elven Halls.
 32155 | Orc:2    | Reached XP level 16. HP: 72/108 MP: 16/16
 32383 | Orc:2    | Found Bukusom's Magic Scroll Emporium.
 32392 | Orc:2    | Paralysed by an orc sorcerer for 6 turns
 32885 | Orc:2    | Found Egyfej's Assorted Antiques.
 33182 | Orc:2    | Found Rema's Book Shop.
 33187 | Orc:2    | Found Wyug's Magic Scroll Shop.
 33471 | Orc:2    | Bought a scroll of blinking for 112 gold pieces
 33652 | Swamp:1  | Entered Level 1 of the Swamp
 34716 | Swamp:1  | Received a gift from Trog
 35634 | Swamp:2  | Noticed a thorn hunter
 35650 | Swamp:2  | Slain by a tyrant leech

Skill      XL: |  1  2  3  4  5  6  7  8  9 10 11 12 13 14 15 |
---------------+----------------------------------------------+-----
Axes           | 3 4 5 6 8 9 10 11 12 13 | 13.5
Dodging        | 2 3 4 5 7 8 9 10 11 12 | 12.4
Armour         | 3 4 5 6 7 9 10 11 13 14 15 | 15.6
Fighting       | 4 5 7 8 9 10 12 13 14 15 | 15.7

Action                   |  1- 3 |  4- 6 |  7- 9 | 10-12 | 13-15 | 16-18 || total
-------------------------+-------+-------+-------+-------+-------+-------++-------
Melee: Hand axe          |    91 |   250 |   597 |    76 |       |       ||  1014
       War axe           |       |       |       |   771 |  1437 |   318 ||  2526
       Executioner's axe |       |       |       |       |    21 |       ||    21
Invok: Berserk           |     1 |     1 |     6 |     7 |    14 |     3 ||    32
       Brothers in Arms  |       |       |     1 |       |     6 |     1 ||     8
       Trog's Hand       |       |       |     1 |       |       |       ||     1
 Abil: Fly               |       |       |       |       |     1 |       ||     1
  Use: Scroll            |       |       |       |    22 |    16 |     4 ||    42
       Potion            |       |       |       |     1 |     1 |     1 ||     3
 Stab: Sleeping          |     1 |     1 |       |       |       |       ||     2
       Petrified         |       |       |       |       |     9 |       ||     9
       Distracted        |       |       |       |       |     2 |       ||     2
       Petrifying        |       |       |       |       |     1 |       ||     1
  Eat: Chunk             |     2 |     6 |    19 |    35 |    50 |     4 ||   116
       Ration            |       |       |       |     1 |     5 |     3 ||     9
Armor: Animal skin       |    38 |    95 |    75 |       |       |       ||   208
       Plate armour      |       |       |   257 |   705 |  1084 |   241 ||  2287
       Chain mail        |       |       |    20 |       |       |       ||    20
Dodge: Dodged            |    66 |   186 |   296 |   477 |   986 |   190 ||  2201
Block: Other             |       |       |     7 |    35 |       |       ||    42
       Reflection        |       |       |       |     2 |       |       ||     2
